 Dungeon Crawl Stone Soup version 0.22-b1-21-g5cfc168 (webtiles) character file.

210 tyranidshit the Skirmisher (level 5, -6/46 HPs)
             Began as a Demonspawn Abyssal Knight on Aug 3, 2018.
             Was a Believer of Lugonu.
             Killed by divine providence
             ... invoked by an orc priest
              (7 damage)
             ... on level 4 of the Dungeon.
             The game lasted 00:04:51 (2443 turns).

tyranidshit the Skirmisher (DsAK)                   Turns: 2443, Time: 00:04:52

Health: -6/46      AC:  8    Str: 13    XL:     5   Next: 56%
Magic:  6/6        EV:  9    Int: 13    God:    Lugonu [**....]
Gold:   140        SH:  0    Dex: 13    Spells: 4/4 levels left

rFire    . . .     SeeInvis .   n - +2 quarterstaff (chaos)
rCold    . . .     Gourm    .   (shield currently unavailable)
rNeg     . . .     Faith    .   k - +0 scale mail
rPois    .         Spirit   .   (helmet restricted)
rElec    .         Reflect  .   m - +0 cloak
rCorr    .         Harm     .   l - +0 pair of gloves (curse)
MR       .....                  (no boots)
Stlth    ..........             (no amulet)
HPRegen  0.15/turn              (no ring)
MPRegen  0.10/turn              (no ring)

@: drained
A: horns 2, spiny 2
a: Depart the Abyss, Bend Space, Renounce Religion


You were on level 4 of the Dungeon.
You worshipped Lugonu.
Lugonu was pleased with you.
You were hungry.

You visited 1 branch of the dungeon, and saw 4 of its levels.
You visited the Abyss 1 time.

You collected 140 gold pieces.

Inventory:

Hand Weapons
 a - a +1 hand axe
 n - a +2 quarterstaff of chaos (weapon)
Armour
 f - a +0 ring mail
 k - a +0 scale mail (worn)
 l - a cursed +0 pair of gloves (worn)
 m - a +0 cloak (worn)
Scrolls
 e - 6 scrolls of identify
 g - 2 scrolls of teleportation
 j - a scroll of blinking
Potions
 b - a potion of heal wounds
 d - 2 potions of might
 h - 3 potions of curing
 i - a potion of invisibility
 o - a potion of resistance {unknown}
Comestibles
 c - 5 rations


   Skills:
 - Level 6.0(5.9) Fighting
 - Level 1.7(1.6) Axes
 + Level 2.4(2.3) Armour
 - Level 0.8(0.7) Dodging
 - Level 2.4(2.3) Invocations


You had 4 spell levels left.
You didn't know any spells.
Your spell library was empty.

Dungeon Overview and Level Annotations

Branches:
Dungeon (4/15)
 Temple: D:4-7

Altars:
Okawaru
Xom


Innate Abilities, Weirdness & Mutations

You have a pair of horns on your head.
You are mostly covered in sharp spines.


Message History

You feel much better.
The orc priest is struck by your spines.
The orc priest hits you but does no damage.
The orc priest hits you with a club.
You hit the orc priest.
The orc priest is severely wounded.
The orc priest miscasts a cantrip.
The orc priest hits you but does no damage.
Unknown command.
You hit the orc priest but do no damage.
The orc priest seems to slow down.
You headbutt the orc priest.
The orc priest is almost dead.
The orc priest invokes the aid of Beogh against you.
Beogh smites you!
The orc priest mumbles some strange prayers to Beogh against you.
Beogh smites you!
* * * LOW HITPOINT WARNING * * *
The orc priest calls down the wrath of Beogh upon you.
Beogh smites you!
You die...

# # ######### #
######.......# #
#......#####.# #
#@##########.#####
%.<..loo#
#..........
.########
#.........#
#.........#
########.........#
#.....##........##
#.....##........#
#...............##
#.................


You could see 2 orc priests and a leopard gecko.

Vanquished Creatures
  An orc wizard (D:4)
  Crazy Yiuf (D:2)
  Jessica (D:2)
  Natasha (D:2)
  2 adders
  4 dart slugs
  2 leopard geckos
  3 orcs (D:3)
  4 giant cockroaches
  6 goblins
  9 hobgoblins
  9 jackals
  4 quokkas
  3 ball pythons
  5 bats
  3 frilled lizards (D:1)
  4 kobolds
  7 rats
69 creatures vanquished.

Notes
Turn   | Place    | Note
-------+----------+-------------------------------------------
     0 | Abyss:1  | tyranidshit the Demonspawn Abyssal Knight began the quest for the Orb.
     0 | Abyss:1  | Reached XP level 1. HP: 18/18 MP: 2/2
    56 | Abyss:1  | Noticed a bone dragon
    58 | Abyss:1  | Noticed a worldbinder
    59 | Abyss:1  | Noticed a warg
    59 | D:1      | Escaped the Abyss
   281 | D:1      | Gained mutation: You are partially covered in sharp spines. [demonic ancestry]
   281 | D:1      | Reached XP level 2. HP: 6/24 MP: 3/3
   459 | D:1      | Reached skill level 4 in Fighting
   504 | D:1      | Reached * piety under Lugonu
   768 | D:2      | Found an iron altar of Okawaru.
   779 | D:2      | Gained mutation: You have a pair of small horns on your head. [demonic ancestry]
   779 | D:2      | Reached XP level 3. HP: 28/30 MP: 4/4
   790 | D:2      | Found a shimmering altar of Xom.
   976 | D:2      | Noticed Natasha
   986 | D:2      | Killed Natasha
   986 | D:2      | Reached skill level 5 in Fighting
   986 | D:2      | Gained mutation: You have a pair of horns on your head. [demonic ancestry]
   986 | D:2      | Reached XP level 4. HP: 8/39 MP: 5/5
  1162 | D:2      | Noticed Jessica
  1164 | D:2      | Killed Jessica
  1194 | D:2      | Found a runed door.
  1509 | D:2      | Noticed Crazy Yiuf
  1513 | D:2      | Killed Crazy Yiuf
  1513 | D:2      | Gained mutation: You are mostly covered in sharp spines. [demonic ancestry]
  1513 | D:2      | Reached XP level 5. HP: 22/46 MP: 6/6
  1816 | D:3      | Reached skill level 6 in Fighting
  2045 | D:3      | Reached ** piety under Lugonu
  2443 | D:4      | HP: 1/46 [orc priest/divine providence (14)]
  2443 | D:4      | Killed from afar by an orc priest

Skill      XL: |  1  2  3  4  5 |
---------------+----------------+-----
Fighting       | 4 5 6 |  6.0
Armour         | 2 |  2.4
Axes           | |  1.7
Dodging        | |  0.8
Invocations    | |  2.4

Action                   |  1- 3 |  4- 6 || total
-------------------------+-------+-------++-------
Melee: Hand axe          |    85 |    19 ||   104
       Headbutt          |     4 |     7 ||    11
       Quarterstaff      |       |    38 ||    38
Invok: Depart the Abyss  |     1 |       ||     1
  Use: Potion            |     2 |     3 ||     5
       Scroll            |     4 |     4 ||     8
  Eat: Ration            |       |     1 ||     1
       Chunk             |       |     1 ||     1
Armor: Leather armour    |     5 |       ||     5
       Skin              |     4 |       ||     4
       Ring mail         |    16 |    15 ||    31
       Scale mail        |       |     8 ||     8
Dodge: Dodged            |    38 |    17 ||    55
